Map: El Dorado

Players

GangusKaun - Winner!

  • Race: Protoss Protoss
  • League: Gold
  • Spawn Location: 7:00

Savage

  • Race: Protoss Protoss
  • League: Gold
  • Spawn Location: 5:00

VOD

Have the link to the VOD?

Description

Time

  • Played on: Dec. 6, 2024, 3:30 a.m.
  • Length: 16:02
Show
View Real Time Build Order
Export as new Build Order

GangusKaun Protoss - Winner!

Build Orders: 1 Gate Expand, Blink Stalkers 

Get SALT Encoding   

  12  0:08  Probe  
  13  0:17  Pylon  
  13  0:22  Probe  
  14  0:35  Gateway  
  14  0:37  Probe  
  15  0:49  Probe  
  16  0:50  Assimilator  
  16  1:06  Probe  
  16  1:14  Probe  
  17  1:22  Probe  
  17  1:31  Nexus  
  18  1:35  Probe  
  19  1:45  Cybernetics Core  
  19  1:57  Pylon  
  19  2:00  Probe  
  20  2:07  Zealot  
  22  2:12  Probe, Warp Gate  
  23  2:21  Assimilator  
  23  2:24  Probe  
  24  2:34  Zealot  
  26  2:41  Twilight Council  
  26  2:45  Probe  
  26  2:48  Probe  
  28  2:56  Pylon  
  28  3:07  Zealot  
  30  3:15  Robotics Facility, Probe  
  30  3:17  Blink  
  30  3:18  Probe  
  32  3:27  Probe  
  32  3:30  Probe  
  34  3:39  Probe  
  35  3:42  Probe  
  35  3:49  Gateway  
  35  3:56  Gateway  
  35  4:03  Gateway, Probe  
  35  4:06  Observer  
  37  4:14  Probe  
  37  4:15  Probe  
  37  4:16  Shield Battery  
  39  4:26  Pylon  
  39  4:29  Assimilator  
  39  4:31  Assimilator, Probe x2  
  37  4:41  Immortal  
  39  4:46  Stalker  
  39  4:48  Sentry  
  43  5:05  Stalker x2  
  47  5:11  Immortal  
  47  5:16  Probe x2  
  53  5:28  Probe x2  
  51  5:45  Probe x2  
  51  5:46  Pylon  
  51  5:49  Shield Battery  
  53  5:55  Stalker x3  
  53  5:56  Stalker  
  57  6:13  Probe x2  
  54  6:31  Probe  
  54  6:32  Probe  
  55  6:33  Stalker  
  55  6:34  Stalker x3  
  63  6:44  Probe x2  
  61  7:10  Probe x2  
  61  7:13  Stalker x3  
  69  7:18  Observer  
  70  7:45  Nexus  
  70  7:47  Pylon  
  70  8:00  Immortal  
  68  8:26  Stalker x4  
  76  8:33  Gateway x2  
  76  8:39  Gateway  
  76  8:44  Pylon  
  76  8:51  Shield Battery  
  76  8:54  Shield Battery  
  74  9:15  Probe x3  
  73  9:27  Probe  
  73  9:29  Stalker x6  
  85  9:43  Probe x2  
  87  9:53  Stargate  
  87  9:55  Observer  
  87  9:56  Forge  
  87  9:58  Forge  
  87  10:03  Probe x3  
  87  10:05  Pylon  
  90  10:08  Observer, Pylon  
  91  10:15  Probe x2  
  93  10:26  Observer  
  93  10:27  Zealot x5  
  104  10:49  Immortal  
  94  11:19  Probe x3  
  94  11:23  Assimilator  
  97  11:31  Probe  
  96  11:42  Probe x2  
  96  11:43  Probe  
  99  11:48  Assimilator  
  99  11:54  Probe x2  
  101  11:55  Probe  
  101  11:57  Pylon  
  101  11:59  Robotics Facility  
  102  12:03  Templar Archives  
  102  12:06  Dark Shrine, Probe  
  103  12:09  Pylon  
  103  12:10  Pylon  
  103  12:11  Pylon  
  103  12:13  Protoss Shields Level 1, Protoss Ground Weapons Level 1  
  103  12:15  Probe x2  
  105  12:17  Charge  
  105  12:19  Immortal  
  109  12:37  Void Ray  
  113  12:56  Zealot x2  
  113  12:57  Zealot x5  
  131  12:58  Immortal  
  131  13:02  Pylon  
  131  13:06  Probe x2  
  137  13:20  Void Ray  
  137  13:29  Pylon  
  110  14:03  Void Ray  
  110  14:06  Zealot x2  
  110  14:07  Zealot x5  
  120  14:20  Immortal x2  
  120  14:35  Zealot x5  
  120  14:36  Zealot x2  
  132  14:46  Void Ray  
  124  15:02  Immortal x2  
  128  15:07  Zealot  
  128  15:08  Stalker  
  128  15:09  Stalker x2  
  128  15:10  High Templar x3  
  142  15:26  Archon  
Show
View Real Time Build Order
Export as new Build Order

Savage Protoss 

Build Orders:  

Get SALT Encoding   

  12  0:04  Probe  
  13  0:15  Probe  
  14  0:21  Pylon  
  14  0:23  Probe  
  15  0:30  Assimilator  
  15  0:36  Probe  
  16  0:48  Gateway  
  16  0:49  Probe  
  17  1:10  Probe  
  18  1:18  Probe  
  18  1:24  Pylon  
  19  1:26  Gateway  
  19  1:28  Probe  
  20  1:40  Probe  
  21  1:47  Cybernetics Core  
  21  1:51  Gateway  
  21  1:53  Probe  
  22  1:58  Zealot  
  24  2:02  Probe  
  25  2:10  Probe  
  25  2:14  Zealot  
  28  2:19  Probe  
  29  2:23  Assimilator  
  29  2:26  Zealot  
  29  2:29  Warp Gate  
  31  2:41  Pylon  
  31  2:56  Stalker x2  
  31  2:59  Probe  
  36  3:11  Probe  
  37  3:13  Pylon  
  37  3:16  Pylon  
  37  3:23  Probe  
  38  3:42  Nexus  
  38  4:03  Probe  
  39  4:11  Probe  
  40  4:18  Stalker x2  
  40  4:19  Stalker  
  40  4:21  Probe  
  47  4:33  Probe  
  48  4:45  Probe  
  49  4:49  Stalker x2  
  49  4:50  Stalker  
  55  4:56  Twilight Council  
  55  4:57  Probe  
  56  5:18  Probe x2  
  56  5:26  Probe x2  
  58  5:28  Pylon  
  56  5:36  Probe x2  
  58  5:48  Probe x2  
  59  6:15  Stalker x3  
  55  6:43  Stalker x3  
  53  6:48  Assimilator  
  53  6:53  Charge  
  53  6:54  Gateway x2  
  53  6:56  Gateway  
  53  6:58  Pylon  
  53  7:00  Pylon  
  53  7:01  Probe x2  
  53  7:04  Gateway  
  53  7:05  Gateway  
  55  7:09  Assimilator, Probe x2  
  55  7:14  Stalker x2  
  61  7:19  Probe x2  
  61  7:20  Forge  
  63  7:31  Probe x2  
  65  7:43  Probe  
  66  7:46  Stalker x3  
  72  7:52  Stalker  
  72  7:53  Stalker x2  
  78  7:59  Protoss Ground Weapons Level 1  
  78  8:00  Forge  
  71  8:25  Nexus  
  71  8:30  Probe x2  
  73  8:42  Probe  
  73  8:44  Zealot x4  
  73  8:45  Zealot x2  
  73  8:46  Zealot  
  73  8:47  Probe  
  89  8:53  Pylon  
  89  8:54  Probe  
  89  8:55  Pylon  
  90  8:56  Pylon  
  90  8:59  Probe  
  90  9:02  Protoss Ground Armor Level 1  
  91  9:06  Probe  
  82  9:11  Probe  
  77  9:19  Probe  
  77  9:22  Stalker  
  77  9:23  Probe, Stalker x5  
  77  9:24  Stalker x2  
  93  9:31  Probe  
  84  9:40  Pylon  
  84  9:43  Pylon  
  82  9:58  Stalker x2  
  82  9:59  Stalker x3  
  92  10:00  Stalker x3  
  92  10:05  Probe x2  
  100  10:17  Probe x2  
  102  10:33  Zealot, Nexus  
  102  10:34  Zealot x2  
  106  10:44  Pylon  
  106  10:49  Stalker  
  88  10:50  Zealot x2, Stalker x2  
  66  11:10  Stalker x3  
  70  11:11  Stalker x2  
  70  11:12  Stalker  
  70  11:13  Stalker  
  74  11:36  Protoss Ground Weapons Level 2  
  74  11:37  Protoss Shields Level 1  
  74  11:41  Zealot x3  
  74  11:42  Zealot  
  82  11:50  Assimilator  
  82  11:52  Assimilator  
  82  11:57  Probe x2  
  84  12:05  Probe x2  
  84  12:15  Probe x2  
  88  12:23  Nexus  
  88  12:25  Stalker x3  
  88  12:26  Stalker x2  
  88  12:27  Probe x2  
  100  12:39  Probe x2  
  100  12:41  Pylon  
  102  12:56  Stalker x3  
  102  12:57  Stalker x3  
  102  12:58  Stalker  
  115  13:20  Stalker  
  115  13:21  Stalker x5  
  115  13:22  Stalker x2  
  131  13:45  Pylon  
  131  13:48  Pylon  
  123  14:00  Stalker  
  123  14:01  Stalker x4  
  123  14:02  Stalker x3  
  101  14:13  Photon Cannon  
  93  14:30  Stalker x2  
  91  14:31  Stalker x2  
  91  14:32  Stalker x4  
  80  15:04  Stalker x3  
  80  15:05  Stalker x4  
  80  15:06  Stalker  
  84  15:11  Pylon  
  84  15:17  Pylon x2  
  69  15:38  Stalker x6  
  69  15:39  Stalker x2  
Tags
 
Composition
Blink Stalkers
League
GoldGold
Matchup
PvP
Spawn Locations
Close Positions
Add a new tag
Caveats
  • Supply blocks, unpowered buildings, or Contaminate may cause inaccurate times.
  • Supply counts are checked every 10 seconds.